 Dungeon Crawl Stone Soup version 0.18-a0-19-g8b99b3a (webtiles) character file.

201986 4thArraOfDagon the Severer (level 18, -3/168 HPs)
             Began as a Hill Orc Berserker on Nov 1, 2015.
             Was the Champion of Trog.
             Splashed by an acid blob's acid (9 damage)
             ... on level 6 of the Pits of Slime.
             The game lasted 01:44:23 (12000 turns).

4thArraOfDagon the Severer (Hill Orc Berserker)    Turns: 12000, Time: 01:44:23

Health: -3/168     AC: 15    Str: 22    XL:     18   Next: 6%
Magic:  36/36      EV: 16    Int: 13    God:    Trog [******]
Gold:   816        SH:  0    Dex: 10    Spells: 0 memorised, 17 levels left

rFire  + . .     SeeInvis .     S - +5 battleaxe (elec)
rCold  + . .     Clarity  .     B - +13 chain mail of Negligence {rF+ rC+ Regen+ MP+9}
rNeg   . . .     SustAt   .     (shield currently unavailable)
rPois  .         Gourm    .     H - +1 hat
rElec  .         Spirit   .     W - +2 cloak {MR+}
rCorr  .         Warding  .     E - +1 pair of gloves {archery}
rMut   +         Rnd*Tele +     X - +2 pair of boots {Stlth+}
MR     ++++.                    Y - amulet of resist mutation
Stlth  ..........               v - +6 ring of slaying
                                o - +3 ring of evasion

@: exhausted, corroded equipment, very slightly contaminated, regenerating,
slowed, very slow, incredibly resistant to hostile enchantments, extremely
unstealthy
A: blink, high mp 1, teleportitis 1, subdued magic 1
a: Blink, Berserk, Trog's Hand, Brothers in Arms, Burn Spellbooks, Renounce
Religion
}: 2/15 runes: decaying, gossamer


You were on level 6 of the Pits of Slime.
You worshipped Trog.
Trog was exalted by your worship.
You were not hungry.

You visited 7 branches of the dungeon, and saw 44 of its levels.
You also visited: Labyrinth, Ossuary, Ice Cave and Wizlab.

You collected 2448 gold pieces.
You spent 1632 gold pieces at shops.

Inventory:

Hand Weapons
 x - a +0 war axe of flaming
 S - a +5 battleaxe of electrocution (weapon)
Armour
 B - the +13 chain mail of Negligence (worn) {rF+ rC+ Regen+ MP+9}
   (You found it on level 3 of the Elven Halls)

   It protects you from fire.
   It protects you from cold.
   It affects your magic capacity (+9).
   It increases your rate of regeneration.
 E - a +1 pair of gloves of archery (worn)
 H - a +1 hat (worn)
 W - a +2 cloak of magic resistance (worn)
 X - a +2 pair of boots of stealth (worn)
Magical Staves
 O - an uncursed staff of wizardry {!a}
Rods
 G - a +0 rod of clouds (14/14)
   (You found it in a labyrinth)
 N - a +2 rod of clouds (14/14)
   (You took it off a minotaur in a labyrinth)
Jewellery
 a - the ring of the Leaf {rN+ Dex+3}
   (You found it in an ice cave)

   [ring of positive energy]

   It affects your dexterity (+3).
   It protects you from negative energy.
 b - an uncursed ring of fire
 o - a +3 ring of evasion (left hand)
 v - a +6 ring of slaying (right hand)
 D - an uncursed ring of teleportation
 I - an uncursed amulet of the gourmand
 P - an uncursed ring of poison resistance
 Q - an uncursed ring of protection from magic
 R - an uncursed ring of positive energy
 V - an uncursed ring of flight
 Y - an amulet of resist mutation (around neck)
Wands
 j - a wand of random effects (23)
 y - a wand of teleportation (2)
 J - a wand of cold (12)
Scrolls
 p - a scroll of blinking
 r - a scroll of fog
 u - 2 scrolls of teleportation
 C - 2 scrolls of immolation
 F - 7 scrolls of remove curse
 K - 4 scrolls of identify
 L - a scroll of summoning
 M - 5 scrolls of recharging
 U - a scroll of holy word
Potions
 d - 3 potions of resistance
 e - a potion of magic
 g - 2 potions of haste
 i - 2 potions of heal wounds
 l - 5 potions of curing
 m - 2 potions of might
 n - 7 potions of lignification
 q - a potion of agility
 t - a potion of cancellation
 w - 3 potions of brilliance
 A - 4 potions of ambrosia
 Z - a potion of berserk rage
Books
 h - a book of Flames

   Spells                             Type                      Level
   a - Flame Tongue                   Conjuration/Fire             1
   b - Throw Flame                    Conjuration/Fire             2
   c - Conjure Flame                  Conjuration/Fire             3
   d - Inner Flame                    Hexes/Fire                   3
   e - Sticky Flame                   Conjuration/Fire             4
   f - Fireball                       Conjuration/Fire             5
   Trog disapproves of the use of such an item.
 k - a book of Burglary

   Spells                             Type                      Level
   a - Swiftness                      Charms/Air                   2
   b - Passwall                       Transmutation/Earth          3
   c - Passage of Golubria            Translocation                4
   d - Lee's Rapid Deconstruction     Earth                        5
   e - Darkness                       Hexes                        6
   f - Invisibility                   Hexes                        6
   Trog disapproves of the use of such an item.
 z - a book of Death

   Spells                             Type                      Level
   a - Corpse Rot                     Necromancy                   2
   b - Sublimation of Blood           Necromancy                   2
   c - Agony                          Necromancy                   5
   d - Dispel Undead                  Necromancy                   5
   e - Excruciating Wounds            Charms/Necromancy            5
   f - Bolt of Draining               Conjuration/Necromancy       5
   Trog disapproves of the use of such an item.
Comestibles
 c - 13 bread rations
 f - 7 meat rations


   Skills:
 + Level 16.9 Fighting
 - Level 20.0 Axes
 + Level 18.7 Armour
 + Level 10.9 Dodging
 - Level 9.0 Evocations


You had 17 spell levels left.
You didn't know any spells.

Dungeon Overview and Level Annotations

Branches:
Dungeon (15/15)            Temple (0/1) D:6            Lair (8/8) D:9
  Swamp (4/4) Lair:4       Spider (4/4) Lair:4        Slime (6/6) Lair:6
    Orc (4/4) D:11            Elf (3/3) Orc:4
 Vaults: D:13-14     Depths: D:15

Altars:
Ashenzari
Dithmenos
Elyvilon
Fedhas
Kikubaaqudgha
Vehumet
Xom
Yredelemnul
Zin

Shops:
D:4 :   D:9 :   D:15 (   Orc:1 [(?   Orc:2 %   Orc:4 (!([%

Annotations:
D:2 Sigmund
D:14 VAULTS
Swamp:3 exclusion: oklob sapling
Elf:1 exclusion: Roxanne, Aizul, Roxanne
Elf:2 1 runed door


Innate Abilities, Weirdness & Mutations

You can translocate small distances at will.
You have an increased reservoir of magic (+10% MP).
You are occasionally teleported to nearby monsters.
Your spells are a little easier to cast, but a little less powerful.


Message History

You are exhausted.
You feel yourself slow down. The acid blob spits acid at you.
The splash of acid hits you! The acid corrodes you!
The acid burns!
* * * LOW HITPOINT WARNING * * *
Unknown command.
Unknown command.
Unknown command.
Unknown command.
Unknown command.
Read which item? (? for menu, Esc to quit)
Blink to where?
Press: ? - help, Dir - move target cursor You are very lightly contaminated with residual magic.
As you read the scroll of blinking, it crumbles to dust.
The wall burns you!
* * * LOW HITPOINT WARNING * * *
The acid blob spits acid at you. The splash of acid hits you!
The acid burns!
You die...

##...............
##..ยง.J............
#.................
####......G.......
#..............
#.#............
###............
#............
#...@.......
####........
#........ ##.......
###.#.. ## #


You could see an acid blob and a shining eye.

Vanquished Creatures
  Asterion (Spider:4)
  6 acid blobs
  3 thorn hunters
  Kirke (D:15)
  4 azure jellies
  Donald (Swamp:2)
  Maud (D:12)
  An emperor scorpion (Spider:4)
  2 ghost moths (Spider:4)
  An ogre mage (D:15)
  A mummy priest (WizLab)
  4 great orbs of eyes (Slime:6)
  2 entropy weavers
  A minotaur (Lab)
  11 hydras (Swamp:4)
  A rakshasa (D:15)
  3 catoblepae (Lair:8)
  Erica (Orc:1)
  5 centaur warriors
  Erolcha (Orc:1)
  A queen ant (Spider:4)
  A ghost crab (Swamp:4)
  2 alligators (Swamp:4)
  12 death yaks (Lair:8)
  4 tengu warriors
  The ghost of kosy22 the Ducker, a novice TrFi (D:8)
  5 deep elf knights (Elf:1)
  A deep troll (D:10)
  A wizard (Elf:1)
  A sea snake (shapeshifter) (D:14)
  5 ice devils
  3 deep elf summoners
  7 swamp dragons (Swamp:4)
  A giant orange brain (Slime:5)
  2 orc knights (Orc:4)
  4 hill giants
  7 wolf spider zombies (Spider:3)
  4 hornets
  A necromancer (Spider:3)
  7 orb spiders
  5 deep elf conjurers
  4 griffons
  An ugly thing (D:14)
  7 wolf spiders
  2 shining eyes
  4 cyclopes
  An eye of devastation (Slime:4)
  11 elephants
  2 black mambas
  A moth of wrath (Spider:4)
  A centaur zombie (D:13)
  A gargoyle (D:10)
  7 spiny frogs
  A yaktaur zombie (WizLab)
  2 kobold demonologists (D:11)
  5 fire drakes
  5 komodo dragons
  7 demonic crawlers
  4 trolls
  A two-headed ogre (shapeshifter) (D:13)
  7 deep elf priests
  3 anaconda simulacra (IceCv)
  A freezing wraith (IceCv)
  10 jumping spiders
  3 two-headed ogres (D:15)
  A fire dragon zombie (WizLab)
  12 tarantella zombies (Spider:3)
  2 giant leeches
  8 blink frogs
  37 slime creatures
  19 redbacks
  A shadow (D:13)
  14 deep elf fighters
  6 tarantellas
  2 centaur simulacra
  7 trapdoor spiders
  A wyvern (D:8)
  14 deep elf magi
  A steam dragon (D:11)
  A dire elephant simulacrum (IceCv)
  A basilisk (D:14)
  5 hogs (D:15)
  41 yaks
  2 hungry ghosts
  4 vampire mosquitoes
  9 wolves
  5 hippogriffs
  A mottled dragon (D:15)
  2 wargs
  6 soldier ants
  11 swamp worms
  An iron troll simulacrum (IceCv)
  9 swamp drakes
  12 water moccasins
  28 orc warriors
  3 ice beasts
  5 porcupines
  2 black bears
  4 sky beasts
  3 spiders (Spider:1)
  An eye of draining (Slime:6)
  4 wasps
  An alligator simulacrum (IceCv)
  6 crocodiles
  8 ogres
  A phantom (D:10)
  2 necrophages
  11 centaurs
  3 big kobolds
  13 giant frogs
  5 spider zombies (Spider:3)
  4 scorpions
  16 jellies
  A swamp dragon simulacrum (IceCv)
  An electric eel (Lair:4)
  3 hounds
  15 orc wizards
  A crimson imp (D:5)
  A giant frog skeleton (D:6)
  6 centaur skeletons
  10 orc priests
  A quasit (D:6)
  4 iguanas
  5 troll simulacra (IceCv)
  20 worker ants
  A polar bear simulacrum (IceCv)
  A big kobold zombie (Ossuary)
  17 sheep
  A hound skeleton (D:4)
  8 mummies (Ossuary)
  2 worker ant zombies
  4 gnolls (D:4)
  4 naga simulacra (IceCv)
  17 adders
  43 river rats
  2 shadow imps
  An ufetubus (IceCv)
  An adder zombie (D:5)
  2 adder skeletons
  A worm (D:4)
  2 giant geckos
  98 orcs
  A gnoll zombie (Ossuary)
  3 goblins
  2 hobgoblins (D:3)
  5 jackals
  A bat (D:2)
  A giant gecko skeleton (D:8)
  2 hobgoblin zombies (Ossuary)
  17 kobolds
  3 kobold zombies (Ossuary)
  An orc zombie (Ossuary)
  A quokka (D:3)
  6 briar patches (Swamp:3)
  A fungus (D:15)
  3 plants
892 creatures vanquished.

Vanquished Creatures (collateral kills)
  Norris (Spider:4)
  Arachne (Spider:4)
  A ghost moth (Spider:4)
  4 emperor scorpions (Spider:4)
  A hydra (Lair:8)
  An orc high priest (Elf:1)
  2 deep elf knights (Elf:1)
  A deep elf conjurer (D:15)
  2 orb spiders (Spider:4)
  2 wolf spiders (Spider:4)
  3 oklob plants (Lair:6)
  An orc sorcerer (Elf:1)
  A cyclops (D:12)
  3 elephants (Lair:8)
  A spiny frog (Lair:8)
  A deep elf priest (D:15)
  2 redbacks (Spider:4)
  A deep elf mage (Elf:1)
  A tarantella (Spider:4)
  A vampire mosquito (Swamp:2)
  3 swamp worms (Swamp:2)
  An orc warrior (Elf:1)
  A wasp (Spider:4)
  An ogre (D:12)
  3 worker ants (Spider:4)
  18 river rats (Lair:8)
58 creatures vanquished.

Vanquished Creatures (others)
  An alligator (Swamp:4)
  A deep elf fighter (D:15)
  4 white imps (IceCv)
  3 ufetubi (IceCv)
  2 orcs
  7 fungi
  3 plants
21 creatures vanquished.

Grand Total: 971 creatures vanquished

Notes
Turn   | Place    | Note
--------------------------------------------------------------
     0 | D:1      | 4thArraOfDagon the Hill Orc Berserker began the quest for the Orb.
     0 | D:1      | Reached XP level 1. HP: 19/19 MP: 1/1
    43 | D:2      | Noticed Sigmund
   128 | D:3      | Reached XP level 2. HP: 25/27 MP: 2/2
   188 | D:3      | Gained mutation: You are partially covered in rough black scales (AC +4, Dex -1). [potion of mutation]
   188 | D:3      | Gained mutation: You are clumsy. (Dex -2) [potion of mutation]
   188 | D:3      | Gained mutation: You are weak. (Str -2) [potion of mutation]
   191 | D:3      | Reached skill level 5 in Axes
   191 | D:3      | Reached XP level 3. HP: 9/33 MP: 3/3
   202 | D:3      | HP: 2/49 [something/magic dart (8)]
   203 | D:3      | Reached XP level 4. HP: 2/41 MP: 4/4
   313 | D:4      | Found Keukkupt's Book Shoppe.
   337 | D:4      | Noticed an ogre
   356 | D:4      | Killed an ogre
   356 | D:4      | Reached skill level 6 in Axes
   356 | D:4      | Reached XP level 5. HP: 19/47 MP: 5/5
   368 | D:4      | Reached skill level 5 in Fighting
   400 | D:4      | Noticed an ogre
   407 | D:4      | Killed an ogre
   407 | D:4      | Reached ** piety under Trog
   407 | D:4      | Reached XP level 6. HP: 12/56 MP: 6/6
   487 | D:4      | Found a shimmering altar of Xom.
   487 | D:4      | Found a glowing silver altar of Zin.
   487 | D:4      | Noticed an angel
   503 | D:4      | Found a radiant altar of Vehumet.
   542 | D:5      | Entered Level 5 of the Dungeon
   609 | D:5      | Found a shadowy altar of Dithmenos.
   615 | D:5      | Reached skill level 7 in Axes
   657 | D:5      | Reached XP level 7. HP: 18/62 MP: 7/7
   691 | D:5      | Found a white marble altar of Elyvilon.
   707 | D:5      | Found a radiant altar of Vehumet.
   776 | D:5      | Lost mutation: You are weak. (Str -2) [mutagenic meat]
   777 | D:5      | Gained mutation: You are occasionally teleported to nearby monsters. [mutagenic meat]
   778 | D:5      | Gained mutation: Your muscles are strong. (Str +2) [mutagenic meat]
   779 | D:5      | Gained mutation: Your natural rate of healing is unusually fast. [mutagenic meat]
   792 | D:5      | Reached skill level 8 in Axes
   884 | D:6      | Reached skill level 5 in Armour
   944 | D:6      | Reached XP level 8. HP: 61/71 MP: 8/8
  1016 | D:6      | Found a staircase to the Ecumenical Temple.
  1023 | D:6      | Reached skill level 9 in Axes
  1034 | D:6      | Found a shattered altar of Ashenzari.
  1148 | D:6      | Found a sand-covered staircase.
  1156 | Ossuary  | Entered an ossuary
  1626 | D:8      | Noticed kosy22's ghost (novice TrFi)
  1627 | D:8      | Noticed a centaur warrior
  1659 | D:8      | Killed kosy22's ghost
  1659 | D:8      | Reached skill level 10 in Axes
  1909 | D:8      | Killed a centaur warrior
  1909 | D:8      | Reached skill level 11 in Axes
  1909 | D:8      | Reached XP level 9. HP: 81/81 MP: 9/9
  2161 | D:9      | Reached skill level 12 in Axes
  2231 | D:9      | Found Witzes's Book Shoppe.
  2256 | D:9      | Reached XP level 10. HP: 91/91 MP: 10/10
  2260 | D:9      | Reached skill level 13 in Axes
  2371 | D:9      | Reached *** piety under Trog
  2377 | D:9      | Gained mutation: You can translocate small distances at will. [mutagenic meat]
  2379 | D:9      | Gained mutation: You expend magic power (3 MP) to strengthen your wands. [mutagenic meat]
  2380 | D:9      | Gained mutation: You are dopey. (Int -2) [mutagenic meat]
  2429 | D:10     | Entered Level 10 of the Dungeon
  2570 | D:10     | Noticed a hill giant
  2574 | D:10     | Noticed a deep troll
  2597 | D:10     | Killed a hill giant
  2649 | D:10     | Killed a deep troll
  2649 | D:10     | Reached skill level 10 in Fighting
  2649 | D:10     | Reached skill level 14 in Axes
  2727 | D:10     | Noticed a centaur warrior
  2737 | D:10     | Killed a centaur warrior
  2905 | D:10     | Reached XP level 11. HP: 99/101 MP: 11/11
  3214 | D:11     | Reached skill level 15 in Axes
  3250 | D:11     | Reached skill level 1 in Evocations
  3311 | D:11     | Received a gift from Trog
  3395 | D:11     | Reached **** piety under Trog
  3602 | D:12     | Noticed Maud
  3617 | D:12     | Killed Maud
  3617 | D:12     | Reached skill level 10 in Armour
  3691 | D:14     | Noticed a hill giant
  3891 | D:13     | Noticed a centaur warrior
  3905 | D:13     | Killed a centaur warrior
  3905 | D:13     | Reached skill level 16 in Axes
  3905 | D:13     | Reached XP level 12. HP: 109/112 MP: 15/15
  3951 | D:12     | Reached skill level 5 in Evocations
  4018 | D:13     | Found a basalt altar of Yredelemnul.
  4325 | D:14     | Lost mutation: You are dopey. (Int -2) [mutagenic meat]
  4327 | D:14     | Gained mutation: You have an increased reservoir of magic (+10% MP). [mutagenic meat]
  4328 | D:14     | Gained mutation: Scrolls take you a little longer to read. [mutagenic meat]
  4532 | D:14     | Lost mutation: Your muscles are strong. (Str +2) [mutagenic meat]
  4584 | D:14     | Lost mutation: Your natural rate of healing is unusually fast. [mutagenic meat]
  4585 | D:14     | Lost mutation: Scrolls take you a little longer to read. [mutagenic meat]
  4713 | D:14     | Noticed a tengu warrior
  4718 | D:14     | Killed a tengu warrior
  4761 | D:15     | Entered Level 15 of the Dungeon
  4777 | D:15     | Found Qoseam's Weapon Boutique.
  4780 | D:15     | Noticed a rakshasa
  4827 | D:15     | Killed a rakshasa
  4860 | D:15     | Noticed an ogre mage
  4863 | D:15     | ofcourse
  4870 | D:15     | Killed an ogre mage
  4870 | D:15     | Reached skill level 17 in Axes
  4932 | D:15     | Noticed a tengu warrior
  4936 | D:15     | Noticed a tengu warrior
  4941 | D:15     | Noticed a tengu warrior
  4944 | D:15     | Killed a tengu warrior
  4950 | D:15     | Killed a tengu warrior
  4950 | D:15     | Reached XP level 13. HP: 118/118 MP: 20/20
  5032 | D:15     | Found a blossoming altar of Fedhas.
  5106 | D:15     | Noticed Kirke
  5127 | D:15     | Killed Kirke
  5245 | D:14     | Reached skill level 18 in Axes
  5392 | D:11     | Found a staircase to the Orcish Mines.
  5435 | Orc:1    | Entered Level 1 of the Orcish Mines
  5490 | Orc:4    | Entered Level 4 of the Orcish Mines
  5524 | Orc:4    | Found a staircase to the Elven Halls.
  5629 | Orc:4    | ROTFL
  5691 | Orc:4    | Found Foesulet's Food Shoppe.
  5863 | Orc:4    | Found Ottuor Cael's Antique Weapon Emporium.
  5863 | Orc:4    | Found Heroqut's Distillery.
  5865 | Orc:4    | Found Dyigy's Weapon Shop.
  5867 | Orc:4    | Found Houst's Armour Shoppe.
  5871 | Orc:4    | ofc
  5876 | Orc:4    | ofc
  5878 | Orc:4    | Bought a potion of might for 56 gold pieces
  5878 | Orc:4    | Bought a potion of might for 56 gold pieces
  5878 | Orc:4    | Bought a potion of haste for 140 gold pieces
  5996 | Orc:2    | Reached ***** piety under Trog
  6043 | Orc:2    | Found Yjeidyl's Food Shop.
  6231 | Orc:1    | Found Hinonoli's Weapon Shoppe.
  6234 | Orc:1    | Noticed Erica
  6242 | Orc:1    | Found Unwucono's Armour Emporium.
  6242 | Orc:1    | Noticed Erolcha
  6254 | Orc:1    | Killed Erolcha
  6322 | Orc:1    | Bought a +2 cloak of magic resistance for 279 gold pieces
  6322 | Orc:1    | Bought a +2 pair of boots of stealth for 279 gold pieces
  6329 | Orc:1    | Found Daaqooc's Magic Scroll Boutique.
  6340 | Orc:1    | Killed Erica
  6352 | Orc:1    | Bought a scroll of blinking for 112 gold pieces
  6352 | Orc:1    | Bought a scroll of teleportation for 45 gold pieces
  6352 | Orc:1    | Bought a scroll of teleportation for 45 gold pieces
  6352 | Orc:1    | Bought a scroll of recharging for 142 gold pieces
  6352 | Orc:1    | Bought a scroll of identify for 30 gold pieces
  6352 | Orc:1    | Bought a scroll of recharging for 142 gold pieces
  6352 | Orc:1    | Bought a scroll of holy word for 112 gold pieces
  6352 | Orc:1    | Bought a scroll of immolation for 52 gold pieces
  6352 | Orc:1    | Bought a scroll of summoning for 142 gold pieces
  6377 | Orc:1    | Received a gift from Trog
  6382 | Orc:1    | no gift
  6382 | Orc:1    | no armor
  6382 | Orc:1    | rip
  6462 | Elf:1    | Entered Level 1 of the Elven Halls
  6473 | Elf:1    | Reached skill level 19 in Axes
  6522 | Elf:1    | Noticed Aizul
  6624 | Elf:1    | Noticed Roxanne
  6678 | Elf:1    | Found a magical portal.
  6708 | WizLab   | Entered Doroklohe's Tomb
  6734 | WizLab   | Reached XP level 14. HP: 126/126 MP: 22/22
  6890 | WizLab   | Noticed a juggernaut zombie
  6901 | WizLab   | Noticed an ancient lich
  7080 | Elf:1    | Reached skill level 20 in Axes
  7121 | Elf:1    | Found an ancient bone altar of Kikubaaqudgha.
  7314 | Elf:3    | Entered Level 3 of the Elven Halls
  7426 | Elf:3    | Found a frozen archway.
  7435 | IceCv    | Entered an ice cave
  7633 | IceCv    | Got a wavering glass ring
  7647 | IceCv    | Identified the ring of the Leaf {rN+ Dex+3} (You found it in an ice cave)
  7800 | IceCv    | Noticed an Ice Fiend
  7908 | Elf:3    | Got a translucent chain mail
  7925 | Elf:3    | Identified the +13 chain mail of Negligence {rF+ rC+ Regen+ MP+9} (You found it on level 3 of the Elven Halls)
  7974 | Elf:2    | Found a runed gate.
  8143 | D:10     | Lost mutation: You are partially covered in rough black scales (AC +4, Dex -1). [potion of cure mutation]
  8143 | D:10     | Lost mutation: You expend magic power (3 MP) to strengthen your wands. [potion of cure mutation]
  8143 | D:10     | Lost mutation: You are clumsy. (Dex -2) [potion of cure mutation]
  8144 | D:10     | FUCK
  8419 | D:9      | Found a staircase to the Lair.
  8425 | Lair:1   | Entered Level 1 of the Lair of Beasts
  8492 | Lair:2   | Received a gift from Trog
  8567 | Lair:4   | Found a basalt altar of Yredelemnul.
  8622 | Lair:4   | Reached skill level 15 in Armour
  8628 | Lair:4   | Found a hole to the Spider Nest.
  8635 | Lair:4   | Found a staircase to the Swamp.
  8660 | Lair:4   | Received a gift from Trog
  8809 | Lair:7   | Reached XP level 15. HP: 122/133 MP: 23/23
  8916 | Lair:7   | Reached skill level 5 in Dodging
  9103 | Lair:8   | Entered Level 8 of the Lair of Beasts
  9125 | Lair:8   | Received a gift from Trog
  9275 | Lair:8   | Found a labyrinth entrance.
  9301 | Lab      | Entered a labyrinth
  9334 | Lab      | Identified a +2 rod of clouds (2/14) (You took it off a minotaur in a labyrinth)
  9340 | Lab      | Identified a +0 rod of clouds (14/14) (You found it in a labyrinth)
  9379 | Lair:8   | Received a gift from Trog
  9438 | Lair:8   | Reached ****** piety under Trog
  9783 | Spider:1 | Entered Level 1 of the Spider Nest
  9794 | Spider:1 | You fall through a shaft!
  9931 | Spider:4 | Entered Level 4 of the Spider Nest
  9936 | Spider:4 | Noticed Arachne
  9948 | Spider:4 | Killed Arachne
  9961 | Spider:4 | Reached XP level 16. HP: 124/145 MP: 25/25
 10047 | Spider:4 | Noticed Norris
 10062 | Spider:4 | Killed Norris
 10066 | Spider:4 | Noticed Asterion
 10085 | Spider:4 | Killed Asterion
 10196 | Spider:4 | Got an ichor-stained plate armour
 10197 | Spider:4 | Identified the +9 plate armour "Soxkeetz" {+Inv Dex-2 Slay+5} (You found it on level 4 of the Spider Nest)
 10381 | Spider:4 | Received a gift from Trog
 10553 | Spider:4 | Got a gossamer rune of Zot
 10607 | Spider:3 | Reached skill level 15 in Fighting
 10778 | Swamp:1  | Entered Level 1 of the Swamp
 10859 | Swamp:2  | Noticed Donald
 10868 | Swamp:2  | Killed Donald
 10905 | Swamp:4  | Entered Level 4 of the Swamp
 10964 | Swamp:4  | Reached XP level 17. HP: 116/156 MP: 26/26
 11049 | Swamp:4  | Received a gift from Trog
 11091 | Swamp:4  | Got a decaying rune of Zot
 11205 | Swamp:3  | Reached skill level 10 in Dodging
 11212 | Swamp:3  | rly
 11465 | Lair:6   | Found a staircase to the Slime Pits.
 11474 | Slime:1  | Entered Level 1 of the Pits of Slime
 11784 | Slime:6  | Entered Level 6 of the Pits of Slime
 11811 | Slime:6  | Received a gift from Trog
 11984 | Slime:6  | Reached XP level 18. HP: 168/168 MP: 27/27
 11985 | Slime:6  | Gained mutation: Your spells are a little easier to cast, but a little less powerful. [a shining eye]
 12000 | Slime:6  | HP: 3/168 [acid (13)]
 12000 | Slime:6  | Splashed by an acid blob's acid

Vault maps used:
D:1:      minmay_arrival_jagged
D:2:      uniq_jessica, uniq_sigmund, uniq_terence
D:3:      minitemple, guppyfry_early_orc_mine
D:4:      grunt_temple_overflow_order_and_chaos_1, serial_shops,
          nicolae_shop_waterfront, kennysheep_mini, vehumet_altar_wand_db
D:5:      nicolae_qazlal_eye_of_the_storm, lemuel_doored_altar,
          old_standard_altar, lemuel_crystal_altar, first_bread
D:6:      minmay_temple_entry_crystal_x, nicolae_ossuary_entry_plus, basic_altar
D:8:      kennysheep_big_flooded_room, hangedman_tree_tricks
D:9:      lair_0_dummy, serial_shops, shop, minmay_misc_feat_rugged
D:10:     wad_statue_garden, minmay_misc_feat_room
D:11:     erik_orc_1, nrook_loot_triangle
D:12:     uniq_maud
D:13:     evilmike_diamond_2, serial_shops, shop, yredelemnul_altar_generic
D:14:     david_vaults_2
D:15:     grunt_enter_depths_giant_problem, serial_shops, shop, fedhas_altar_3,
          st_stairs_11, uniq_kirke
Lair:1:   serial_bayou, serial_bayou_pond_e, serial_bayou_pond_e,
          serial_bayou_ford_a, serial_bayou_shore_b, serial_bayou_pond_c,
          serial_bayou_lake_a, infiniplex_staircase_pool
Lair:2:   beast_lair_carwin_large_4
Lair:3:   beast_lair_carwin_2
Lair:4:   lemuel_reptile_caves, swamp_mist, spider_nest_entry_rubble,
          basic_altar, serial_bayou_shore_b
Lair:5:   kilobyte_rumbling_trees
Lair:6:   minmay_slime_entry_oklob_enclosed, grunt_megastairs_5
Lair:7:   lemuel_fruit_fields
Lair:8:   evilmike_catoblepas_cave, lab_entry_generic
Swamp:1:  nicolae_swamp_treefoil, swamp_pool3
Swamp:2:  nicolae_swamp_godswood, swamp_pool3, infiniplex_staircase_pool_2,
          uniq_donald
Swamp:3:  nicolae_swamp_phyte_club, evilmike_swamp_ruin_rubble_1, swamp_pool4,
          grunt_hermit_hut
Swamp:4:  swamp_alternative
Spider:3: lemuel_spider_zombies, spiders_nest_wasp_nest
Spider:4: spider_rune_water, spider_trap, minmay_another_anthill, uniq_asterion,
          uniq_arachne, uniq_norris
Slime:1:  cheibrodos_slime_lost_civilization_4
Slime:2:  cheibrodos_slime_lost_civilization_3
Orc:1:    serial_shops, nicolae_shop_stone, shop_fountains, shop_fountains,
          uniq_erolcha, uniq_erica
Orc:2:    serial_shops, shop, basic_altar
Orc:3:    nicolae_orc_pool_cavern
Orc:4:    st_orc_rangers, serial_shops, nicolae_shop_statue_plus
Elf:1:    basic_altar, lightli_enter_wizlab_magi_temple,
          hangedman_elf_disciples, uniq_aizul, uniq_roxanne
Elf:2:    basic_stair_grate_trap
Elf:3:    minmay_elf_hall_dome, portal_ice_cave_demonic_guard, minivault_13,
          uniq_jorgrun
Lab:      labyrinth_spiral, nicolae_lab_hexagon, nicolae_lab_blocks,
          nicolae_lab_t_cross, nicolae_lab_x, nicolae_lab_lava,
          nicolae_lab_stuck, labyrinth_skeletal_remains, lab_statue,
          nicolae_lab_dead_end
Ossuary:  ossuary_tomb_3
IceCv:    ice_cave_caverns_02
WizLab:   wizlab_doroklohe

Action                   |  1- 3 |  4- 6 |  7- 9 | 10-12 | 13-15 | 16-18 || total
-------------------------+-------+-------+-------+-------+-------+-------++-------
Melee: Hand axe          |    34 |    60 |   247 |    38 |       |       ||   379
       War axe           |       |    10 |    18 |   384 |   392 |    61 ||   865
       Battleaxe         |       |       |       |    44 |   675 |   574 ||  1293
Throw: Javelin           |       |       |       |       |     5 |       ||     5
Invok: Berserk           |     3 |     6 |    12 |    23 |    27 |    12 ||    83
       Trog's Hand       |       |     2 |     5 |     5 |    37 |    12 ||    61
       Burn Spellbooks   |       |       |     1 |       |       |       ||     1
       Brothers in Arms  |       |       |       |     1 |     7 |     5 ||    13
 Abil: Evoke Teleportati |       |       |       |       |    24 |     2 ||    26
Evoke: Wand              |       |       |       |     2 |    10 |       ||    12
       Deck              |       |       |       |       |     1 |       ||     1
  Use: Scroll            |     2 |     4 |    13 |     6 |    22 |     9 ||    56
       Potion            |     2 |       |     1 |     2 |     6 |     4 ||    15
 Stab: Distracted        |       |       |       |     1 |       |     1 ||     2
       Confused          |       |       |       |       |     1 |     2 ||     3
       Petrifying        |       |       |       |       |     1 |       ||     1
       Held in net/web   |       |       |       |       |       |     1 ||     1
  Eat: Chunk             |       |     7 |    19 |    60 |    69 |     9 ||   164
       Beef jerky        |       |     1 |     1 |       |     2 |     1 ||     5
       Bread ration      |       |       |     1 |       |       |     1 ||     2
       Pizza             |       |       |       |     1 |     1 |       ||     2
       Royal jelly       |       |       |       |       |       |     1 ||     1
